 Dungeon Crawl Stone Soup version 0.28.0-43-g3370ac3207 (webtiles) character file.

Game seed: 15845368834173238129

2035 Faeu the Slicer (level 9, 0/74 HPs)
             Began as a Human Berserker on Mar 15, 2022.
             Was a Priest of Trog.
             Slain by a wyvern (10 damage)
             ... on level 8 of the Dungeon on Mar 18, 2022.
             The game lasted 01:12:22 (6688 turns).

Faeu the Slicer (Human Berserker)                   Turns: 6688, Time: 01:12:22

Health: 0/74       AC: 11    Str: 21    XL:     9   Next: 48%
Magic:  9/9        EV: 11    Int: 11    God:    Trog [***...]
Gold:   241        SH:  0    Dex: 12    Spells: 8/8 levels left

rFire   . . .      SeeInvis .   w - +5 mace of the Vaults {vorpal, *Slow rN+ Will+++ Int+2, mace}
rCold   . . .      Faith    .   (no shield)
rNeg    + . .      Spirit   .   q - +0 scale mail
rPois   +          Reflect  .   m - +0 helmet
rElec   .          Harm     .   y - +0 cloak {rPois}
rCorr   +          Rampage  .   c - +2 pair of gloves
Will    +++..                   B - +1 pair of boots
Stlth   +.........              (no amulet)
HPRegen 0.22/turn               E - ring of resist corrosion
MPRegen 0.11/turn               (no ring)

@: slowed, very slow
A: deformed body, screaming 1, subdued magic 1
a: Renounce Religion, Berserk, Trog's Hand


You were on level 8 of the Dungeon.
You worshipped Trog.
Trog was most pleased with you.
You visited 2 branches of the dungeon, and saw 9 of its levels.

You collected 376 gold pieces.
You spent 135 gold pieces at shops.


Innate Abilities, Weirdness & Mutations

Armour fits poorly on your strangely shaped body.
You occasionally shout uncontrollably at your foes.
Your spells are a little easier to cast, but a little less powerful.


   Skills:
 * Level 7.9 Fighting
 + Level 8.2 Short Blades
 - Level 0.1 Maces & Flails
 - Level 2.2 Armour
 - Level 3.5 Dodging
 * Level 4.5 Stealth


You had 8 spell levels left.
You didn't know any spells.
Your spell library contained the following spells:

 Spells                   Type           Power      Damage    Failure   Level
 Foxfire                  Conj/Fire      0%         2x1d4     65%         1
 Shock                    Conj/Air       0%         1d3       65%         1
 Blink                    Tloc           0%         N/A       80%         2
 Ensorcelled Hibernation  Hex/Ice        0%         N/A       80%         2
 Passwall                 Tmut/Erth      0%         N/A       80%         2
 Conjure Flame            Conj/Fire      0%         6-21      95%         3
 Gell's Gravitas          Tloc           0%         N/A       95%         3
 Inner Flame              Hex/Fire       0%         N/A       95%         3
 Lesser Beckoning         Tloc           0%         N/A       95%         3
 Swiftness                Air            0%         N/A       95%         3
 Teleport Other           Tloc           0%         N/A       95%         3
 Airstrike                Air            0%         N/A       100%        4
 Flame Wave               Conj/Fire      0%         2d4       100%        4
 Manifold Assault         Tloc           0%         N/A       100%        5
 Storm Form               Tmut/Air       0%         N/A       100%        7

Inventory:

Hand Weapons
 b - a +3 scythe of protection {polearm}
   (You took it off Sigmund on level 2 of the Dungeon)
 w - the +5 mace of the Vaults (weapon) {vorpal, *Slow rN+ Will+++ Int+2, mace}
   (You found it on level 3 of the Dungeon)

   It inflicts extra damage upon your enemies.
   Int:       It affects your intelligence (+2).
   rN:        It protects you from negative energy.
   *Slow:     It may slow you when you take damage.
   Will:      It greatly increases your willpower.
 x - a +1 mace of holy wrath {mace}
   (You found it on level 3 of the Dungeon)
 z - a +4 quarterstaff of chaos {staff}
   (You took it off Crazy Yiuf on level 3 of the Dungeon)
 D - a +2 hand axe of flaming {axe}
   (You took it off an orc on level 4 of the Dungeon)
 M - a +1 short sword of venom {short}
   (You took it off a kobold on level 6 of the Dungeon)
 N - a +2 whip of electrocution {mace}
   (You took it off Pikel on level 6 of the Dungeon)
 P - a +0 rapier {short}
   (You found it on level 6 of the Dungeon)
Missiles
 d - 119 stones (quivered) {throwing}
 i - a curare-tipped dart {=fthrowing}
 n - 103 arrows
 t - 18 sling bullets
 A - 30 bolts
 C - 3 javelins {throwing}
 L - 5 poisoned darts {throwing}
Armour
 c - a +2 pair of gloves (worn)
   (You found it on level 1 of the Dungeon)
 l - a +0 leather armour
   (You found it on level 2 of the Dungeon)
 m - a +0 helmet (worn)
   (You found it on level 2 of the Dungeon)
 q - a +0 scale mail (worn)
   (You found it on level 3 of the Dungeon)
 y - a +0 cloak of poison resistance (worn)
   (You took it off Crazy Yiuf on level 3 of the Dungeon)
 B - a +1 pair of boots (worn)
   (You bought it in a shop on level 4 of the Dungeon)
 S - a +0 plate armour
   (You found it on level 6 of the Dungeon)
Magical Staves
 K - a staff of fire {forbidden!astaff}
   (You found it on level 6 of the Dungeon)
Jewellery
 f - a ring of flight
   (You found it on level 1 of the Dungeon)
 o - an amulet of faith {!P}
   (You found it on level 5 of the Dungeon)
 E - a ring of resist corrosion (left hand)
   (You found it on level 5 of the Dungeon)
 G - a ring of ice
   (You found it on level 5 of the Dungeon)
Wands
 O - a wand of charming (7)
   (You found it on level 6 of the Dungeon)
 Q - a wand of polymorph (3)
   (You found it on level 6 of the Dungeon)
Scrolls
 e - 10 scrolls of teleportation {@r4}
 j - 6 scrolls of identify {@r1}
 k - a scroll of brand weapon {unknown}
 p - a scroll of blinking {unknown}
 r - 2 scrolls of fear {unknown}
 s - a scroll of enchant armour {unknown}
 F - 2 scrolls of enchant weapon {unknown}
 H - 3 scrolls of fog {unknown}
 R - a scroll of vulnerability {!r!r}
 T - a scroll of immolation {unknown}
Potions
 a - a potion of flight {unknown}
 g - a potion of mutation {!q}
 h - 3 potions of curing {@q1}
 u - a potion of resistance {unknown}
 v - a potion of magic {unknown}
 I - a potion of heal wounds {unknown}
 J - 2 potions of might

Dungeon Overview and Level Annotations

Branches:
Dungeon (8/15)             Temple (1/1) D:4
   Lair: D:8-11

Altars:
Ashenzari
Cheibriados
Dithmenos
Hepliaklqana
Kikubaaqudgha
Makhleb
Okawaru
Sif Muna
Trog
Vehumet
Wu Jian
Zin

Shops:
D:3 *   D:4 [

Portals:
Bailey: D:8

.....8....#
..........### #
..8.....8...#.#
).........#.#.#
..............#
.8...\...8#.####
.........).O.ZO#
#.........#.##l#
#.8.....8.#.##@#
..........#..#.#
.....8..(.##.#.#
.....####.##.#.#
$.... #....>.#
... ####.### #.#
#.# #.#


You could see a two-headed ogre, a wyvern and a centaur zombie.


Message History

You thump the black bear!
The black bear bites you but does no damage.
The black bear claws you but does no damage. x2
You sock the black bear!
You kill the black bear!
Trog accepts your kill. 😕 HP[+2]
You now have 74 max hp (+1).
You regained 2 hp, and now have 69/74 hp.
H - 3 scrolls labelled YCLILENUOZXA (gained 1)
Found an escape hatch in the ceiling.
Found a stone staircase leading up.
T - a scroll labelled NOEMEREETU 😕 HP[+1]
d - 119 stones {throwing} (gained 1) 😕 HP[+1] 😕 HP[+1]
There is a stone staircase leading down here.
A sky beast comes into view.
The sky beast flickers out of sight!
Deactivating autopickup; reactivate with Ctrl-A.
A sky beast appears from thin air!
Reactivating autopickup.
The sky beast flickers out of sight!
Deactivating autopickup; reactivate with Ctrl-A. 😕 HP[+1]
There is a stone staircase leading down here.
You climb downwards.
You hear the roar of battle.
There is an entrance to a bailey on this level.
Hurry and find it before the portal closes forever!
Reactivating autopickup.
There is a stone staircase leading up here. 😎 HP[+1]
Your hp is fully restored (74).
e - 10 scrolls of teleportation {@r4} (gained 1)
Found a stone staircase leading down.
You hear the faint creaking of a distant portcullis.
J - 2 potions of might (gained 1)
Found an escape hatch in the floor.
A centaur zombie comes into view.
The centaur zombie moves out of view.
You hear the faint creaking of a portcullis.
Found a glowing falchion.
Found a flagged portal.
A wyvern comes into view.
The wyvern hisses angrily.
The centaur zombie hits you.
The centaur zombie kicks you but does no damage. 😕 HP[-3]
You take 3 damage, and now have 71/74 hp.
A two-headed ogre comes into view.
It is wielding a +0 giant club and a +0 giant spiked club.
The two-headed ogre shouts in stereo!
You see here a +2 falchion of freezing {long}. 😕 HP[+1]
The wyvern barely misses you. The wyvern bites you. 😕 HP[-6]
You take 6 damage, and now have 66/74 hp.
The centaur zombie hits you but does no damage.
The centaur zombie kicks you but does no damage.
The wyvern barely misses you. The wyvern bites you!
You feel yourself slow down. 😕 HP[-7]
You take 7 damage, and now have 59/74 hp.
The wyvern bites you. 😮 HP[-4]
You take 4 damage, and now have 55/74 hp.
The wyvern bites you but does no damage.
The wyvern bites you! The wyvern bites you. 😮 HP[-13]
You take 13 damage, and now have 42/74 hp.
The wyvern bites you!
* * * LOW HITPOINT WARNING * * *
😨 HP[-8]
You take 8 damage, and now have 34/74 hp.
The wyvern bites you.
* * * LOW HITPOINT WARNING * * *
😨 HP[-3]
You take 3 damage, and now have 31/74 hp.
You hit the wyvern. The wyvern bites you!
* * * LOW HITPOINT WARNING * * *
The wyvern barely misses you. The wyvern bites you.
* * * LOW HITPOINT WARNING * * *
😱 HP[-16]
You take 16 damage, and now have 15/74 hp.
MASSIVE DAMAGE!! (PAUSE)
Aiming: Charm
Press: ? - help, Shift-Dir - straight line, f - wyvern
Aim: a wyvern (lightly wounded, chance to affect: 49%)
Okay, then.
You hit the wyvern. The wyvern bites you.
* * * LOW HITPOINT WARNING * * *
The wyvern barely misses you. x2 😱 HP[-2]
You take 2 damage, and now have 13/74 hp.
You barely miss the wyvern. The wyvern closely misses you.
The wyvern bites you.
* * * LOW HITPOINT WARNING * * *
The wyvern bites you but does no damage.
The wyvern bites you!
You die...

Skill      XL: |  1  2  3  4  5  6  7  8  9 |
---------------+----------------------------+-----
Fighting       | 4 5 6 7 |  7.9
Short Blades   | 4 5 6 7 8 |  8.2
Dodging        | 3 |  3.5
Stealth        | 1 2 3 4 |  4.5
Maces & Flails | |  0.1
Armour         | |  2.2

Action                   |  1- 3 |  4- 6 |  7- 9 || total
-------------------------+-------+-------+-------++-------
Melee: Short sword       |   102 |   176 |    25 ||   303
       Punch             |       |     3 |       ||     3
       Mace              |       |       |   168 ||   168
Throw: Stone             |       |    12 |    38 ||    50
Invok: Berserk           |     2 |     5 |     2 ||     9
  Use: Scroll            |     1 |     2 |     2 ||     5
       Potion            |       |       |     3 ||     3
 Stab: Sleeping          |     2 |       |       ||     2
Armor: Animal skin       |    36 |       |       ||    36
       Leather armour    |     4 |    26 |       ||    30
       Scale mail        |       |    27 |   129 ||   156
       Skin              |       |     3 |       ||     3
Dodge: Dodged            |    68 |   114 |   152 ||   334

Levels and vault maps discovered:
D:1:      dpeg_arrival_three_bigger_balls, layout_loops_ring,
          dreamdust_ecumenical_altar_drowned_temple
D:2:      layout_basic, uniq_sigmund
D:3:      layout_loops_ring, zin_purify, chequers_serial_rivers_micro_e,
          uniq_crazy_yiuf_cottage
D:4:      black_bear_nest_2, layout_basic, lemuel_tele_altar, kennysheep_mini,
          minmay_temple_entry_glassed_door, serial_shops, shop
D:5:      layout_basic, mainiacjoe_overflow_two_lobes
D:6:      layout_loops_ring, gup_sewer_entry_bubbles, uniq_pikel
D:7:      layout_cave_pools, gammafunk_temple_overflow_claw, elyvilon_altar_3,
          serial_shops, nicolae_take_the_stairs
D:8:      layout_loops_cross, enter_bailey_6
Temple:   dshaligram_water_room_temple

Notes
Turn   | Place    | Note
-------+----------+-------------------------------------------
     0 | D:1      | Faeu the Human Berserker began the quest for the Orb.
     0 | D:1      | Reached XP level 1. HP: 18/18 MP: 1/1
   261 | D:1      | Reached XP level 2. HP: 20/24 MP: 2/2
   321 | D:1      | Found a faded altar of an unknown god.
   615 | D:1      | Reached XP level 3. HP: 29/29 MP: 3/3
  1099 | D:2      | Reached ** piety under Trog
  1169 | D:2      | Reached XP level 4. HP: 35/35 MP: 4/4
  1330 | D:2      | Noticed Sigmund
  1350 | D:2      | Killed Sigmund
  1351 | D:2      | Reached skill level 4 in Fighting
  1351 | D:2      | Reached skill level 4 in Short Blades
  1351 | D:2      | Reached skill level 3 in Dodging
  1351 | D:2      | Reached skill level 1 in Stealth
  1351 | D:2      | Reached XP level 5. HP: 39/42 MP: 5/5
  1351 | D:2      | Reached XP level 6. HP: 45/48 MP: 6/6
  1480 | D:2      | magus.rc [v1.9.6]
  1558 | D:2      | magus.rc [v1.9.6]
  2241 | D:3      | Reached skill level 5 in Short Blades
  2495 | D:3      | You pick up a book of Burglary {forbidden} and begin
                  | reading...
  2495 | D:3      | You add the spells Passwall and Ensorcelled Hibernation to
                  | your library.
  2639 | D:3      | Found Zin's Purification Station.
  2641 | D:3      | Found a glowing silver altar of Zin.
  2675 | D:3      | Reached XP level 7. HP: 53/55 MP: 7/7
  2698 | D:3      | Identified the +5 mace of the Vaults {vorpal, *Slow rN+
                  | Will+++ Int+2}
  2709 | D:3      | Found a runed translucent door.
  2710 | D:3      | Noticed Crazy Yiuf
  2719 | D:3      | Killed Crazy Yiuf
  3310 | D:4      | Reached *** piety under Trog
  3320 | D:4      | Found Wuufuima's Antique Armour Emporium.
  3334 | D:4      | Bought a pair of embroidered boots for 135 gold pieces
  3623 | D:4      | Reached skill level 6 in Short Blades
  3799 | D:4      | You add the spells Blink, Manifold Assault and Storm Form
                  | to your library.
  3829 | D:4      | Reached skill level 5 in Fighting
  3829 | D:4      | Reached skill level 2 in Stealth
  4038 | D:4      | Found a radiant altar of Vehumet.
  4103 | D:4      | Found a hazy altar of Hepliaklqana.
  4111 | D:4      | Found a staircase to the Ecumenical Temple.
  4130 | D:5      | Entered Level 5 of the Dungeon
  4142 | Temple   | Entered the Ecumenical Temple
  4335 | D:4      | Gained mutation: Your spells are a little easier to cast,
                  | but a little less powerful. [potion of mutation]
  4335 | D:4      | Gained mutation: You occasionally shout uncontrollably at
                  | your foes. [potion of mutation]
  4335 | D:4      | Gained mutation: Armour fits poorly on your strangely
                  | shaped body. [potion of mutation]
  4358 | D:4      | Reached XP level 8. HP: 56/63 MP: 8/8
  4605 | D:5      | Reached skill level 3 in Stealth
  4610 | D:5      | Reached skill level 6 in Fighting
  4610 | D:5      | Reached skill level 7 in Short Blades
  4971 | D:5      | You pick up a book of Flames {forbidden} and begin
                  | reading...
  4971 | D:5      | You add the spells Foxfire, Conjure Flame, Inner Flame and
                  | Flame Wave to your library.
  5191 | D:5      | Found a broken altar of Ashenzari.
  5229 | D:5      | Found a burning altar of Makhleb.
  5521 | D:6      | Reached XP level 9. HP: 53/71 MP: 9/9
  5542 | D:6      | Noticed Pikel
  5562 | D:6      | Killed Pikel
  5563 | D:6      | Reached skill level 7 in Fighting
  5563 | D:6      | Reached skill level 8 in Short Blades
  5563 | D:6      | Reached skill level 4 in Stealth
  6060 | D:6      | You pick up a book of Displacement {forbidden} and begin
                  | reading...
  6060 | D:6      | You add the spells Lesser Beckoning, Gell's Gravitas and
                  | Teleport Other to your library.
  6672 | D:8      | Found a flagged portal.
  6675 | D:8      | Noticed a two-headed ogre
  6686 | D:8      | HP: 15/74 [wyvern (5)]
  6688 | D:8      | Slain by a wyvern

Vanquished Creatures
  Pikel (D:6)
  Sigmund (D:2)
  A water moccasin (D:6)
  2 black bears
  3 necrophages
  A centaur (D:5)
  2 kobold brigands
  A scorpion (D:5)
  3 water moccasin zombies
  A bullfrog zombie (D:5)
  A hound (D:3)
  Crazy Yiuf (D:3)
  A jelly (D:4)
  2 orc wizards (D:3)
  14 adders
  A shadow imp (D:6)
  2 white imps
  3 ufetubi
  An adder zombie (D:5)
  An adder skeleton (D:4)
  3 worms
  A dart slug (D:1)
  3 orcs
  10 bats
  5 endoplasms
  3 giant cockroaches (D:2)
  6 goblins
  6 hobgoblins
  9 jackals
  6 quokkas
  6 ball pythons
  4 frilled lizards
  12 kobolds
  5 rats
  A spectral kobold (D:1)
123 creatures vanquished.

Table legend:
 A = Non-vault XP
 B = Vault XP
 C = Vault XP percentage of total XP
 D = Non-vault monster count
 E = Vault monster count
 F = Vault count percentage of total count
                 A         B        C        D         E       F
            +---------+---------+-------+---------+---------+-------
      Total |    1869 |    1039 |  35.7 |     113 |      10 |   8.1
            +---------+---------+-------+---------+---------+-------
        D:1 |      33 |       1 |   2.9 |      21 |       1 |   4.5
        D:2 |      93 |     212 |  69.5 |      25 |       1 |   3.8
        D:3 |     199 |      42 |  17.4 |      24 |       1 |   4.0
        D:4 |     461 |     121 |  20.8 |      19 |       1 |   5.0
        D:5 |     502 |       0 |   0.0 |      11 |       0 |   0.0
        D:6 |     442 |     663 |  60.0 |      12 |       6 |  33.3
        D:7 |     139 |       0 |   0.0 |       1 |       0 |   0.0
            +---------+---------+-------+---------+---------+-------

Illustrated notes

Table legend:
 A = Kills in this place as a percentage of kills in entire the game.
 B = Kills by you in this place as a percentage of kills by you in the entire game.
 C = Kills by friends in this place as a percentage of kills by friends in the entire game.
 D = Other kills in this place as a percentage of other kills in the entire game.
 E = Experience gained in this place as a percentage of experience gained in the entire game.
 F = Experience gained in this place divided by the number of levels of this place that you have seen.
                   A       B       C       D       E      F
               +-------+-------+-------+-------+-------+----------------------
         Total | 100.0 | 100.0 |   N/A |   N/A | 100.0 | 323.1
       Dungeon | 100.0 | 100.0 |   N/A |   N/A | 100.0 | 363.5
               +-------+-------+-------+-------+-------+----------------------

Table legend: (Time is in decaauts)
 A = Elapsed time spent in this place.
 B = Non-inter-level travel time spent in this place.
 C = Inter-level travel time spent in this place.
 D = Time resting spent in this place.
 E = Time spent auto-exploring this place.
 F = Levels seen in this place.
 G = Mean time per level.
                   A        B        C        D        E       F      G
               +--------+--------+--------+--------+--------+-----+--------+
         Total |   6864 |   6739 |    125 |    731 |   3017 |   9 |  762.7 |
       Dungeon |   6814 |   6689 |    125 |    731 |   3017 |   8 |  851.8 |
        Temple |     50 |     50 |      0 |      0 |      0 |   1 |   50.0 |
               +--------+--------+--------+--------+--------+-----+--------+

Top non-repeatable levels by time:
     D:4: 1367 daAuts
     D:6: 1212 daAuts
     D:3: 1095 daAuts
     D:1: 1088 daAuts
     D:2: 1063 daAuts
     D:5: 831 daAuts
     D:8: 122 daAuts
  Temple: 50 daAuts
     D:7: 33 daAuts
